 Dungeon Crawl Stone Soup version 0.29-a0-1065-g47a6bb87d6 (webtiles) character file.

Game seed: 16413558621869173232

32 Zeldest the Ruffian (level 3, 0/36 HPs)
             Began as a Troll Delver on Aug 18, 2022.
             Slain by a white imp (3 damage)
             ... on level 5 of the Dungeon.
             The game lasted 00:00:19 (42 turns).

Zeldest the Ruffian (Troll Delver)                    Turns: 42, Time: 00:00:19

Health: 0/36       AC:  0    Str: 20    XL:     3   Next: 10%
Magic:  2/2        EV:  9    Int:  8    God:
Gold:   19         SH:  0    Dex: 11    Spells: 2/2 levels left

rFire   . . .      SeeInvis .     - Unarmed
rCold   . . .      Faith    .   (no shield)
rNeg    . . .      Spirit   .   a - +0 robe
rPois   .          Reflect  .   (helmet restricted)
rElec   .          Harm     .   (no cloak)
rCorr   .          Rampage  .   (gloves unavailable)
Will    .....                   (boots unavailable)
Stlth   ++........              (no amulet)
HPRegen 0.92/turn               (no ring)
MPRegen 0.08/turn               (no ring)

@: corroded, hasted, very quick
A: large, unfitting armour, claws 3, regeneration 1, shaggy fur 1, tough skin 1
a: no special abilities


You were on level 5 of the Dungeon.
You visited 1 branch of the dungeon, and saw 1 of its levels.

You collected 19 gold pieces.

Inventory:

Armour
 a - a +0 robe (worn)
Wands
 f - a wand of digging (3)
Scrolls
 b - a scroll of fog
 c - a scroll of magic mapping
 d - a scroll of fear


   Skills:
 + Level 2.8 Fighting
 - Level 1.5 Dodging
 - Level 2.7 Stealth
 * Level 3.1 Unarmed Combat


You had 2 spell levels left.
You didn't know any spells.
Your spell library contained the following spells:

 Spells                   Type           Power      Damage    Failure   Level
 Sandblast                Erth           0%         2d4       41%         1
 Passwall                 Tmut/Erth      0%         N/A       54%         2
 Stone Arrow              Conj/Erth      0%         3d7       78%         3


Dungeon Overview and Level Annotations

Branches:
Dungeon (5/15)
 Temple: D:4-7

Altars:


Innate Abilities, Weirdness & Mutations

You are too large for most types of armour.
You have claws for hands.
Your natural rate of healing is unusually fast.
You are covered in fur. (AC +1)
You have tough skin. (AC +1)


Message History

You barely miss the worm.
The worm is heavily wounded.
The worm bites you.
You barely miss the worm.
The worm is moderately wounded.
You scratch the worm.
The worm is heavily wounded.
The worm closely misses you.
You scratch the worm.
The worm is severely wounded.
The white imp shouts, "Begone, thou villainous onion-eyed nothing!"
You scratch the worm.
You kill the worm!
You scratch the jelly. The acid corrodes you!
Your claws burn!
The jelly is lightly wounded.
The jelly hits you.
You are splashed with acid!
The white imp shouts, "Give up, thou pribbling moon-mazed urchin!"
You claw the jelly! The acid corrodes you!
Your claws burn!
The jelly is severely wounded.
The jelly closely misses you.
You claw the jelly!
You kill the jelly!
The white imp gestures at you. The puff of frost hits you!
* * * LOW HITPOINT WARNING * * *
Your Unarmed Combat skill increases to level 3!
You have reached level 2!
You have reached level 3!
Your experience leads to an increase in your attributes!
Increase (S)trength, (I)ntelligence, or (D)exterity?
You feel clever. x2; You feel stronger. The white imp hits you.
* * * LOW HITPOINT WARNING * * *
The white imp freezes you.
* * * LOW HITPOINT WARNING * * *
You scratch the white imp but do no damage.
The white imp shouts, "Embrace thy failure, thou simpering kobold-kissing serf!"
The white imp closely misses you.
You feel yourself speed up. The white imp hits you.
You die...

#.. #.# #.# #..
#.## #..
#.####.#
#5.....#
#@###### #.#####
#..###.....#
#..#...$.<.#
#..#.....###
#..!.....#
#.##.....#
#.##.....#
#.####.#.#####.#


You could see a white imp.

Vanquished Creatures
  A jelly (D:5)
  A worm (D:5)
2 creatures vanquished.

Notes
Turn   | Place    | Note
-------+----------+-------------------------------------------
     0 | D:5      | Zeldest the Troll Delver began the quest for the Orb.
     0 | D:5      | Reached XP level 1. HP: 22/22 MP: 0/0
    24 | D:5      | Noticed a jelly
    39 | D:5      | Killed a jelly
    40 | D:5      | Reached skill level 3 in Unarmed Combat
    40 | D:5      | Reached XP level 2. HP: 4/29 MP: 1/1
    40 | D:5      | Reached XP level 3. HP: 5/36 MP: 2/2
    40 | D:5      | HP: 1/36 [white imp (2)]
    42 | D:5      | Slain by a white imp

Illustrated notes

Levels and vault maps discovered:
D:5:      layout_loops_ring, slow_altar_2, amethyst_overflow_temple_binary,
          uniq_pikel

Skill      XL: |  1 |
---------------+----+-----
Unarmed Combat | 3 |  3.1
Fighting       | |  2.8
Dodging        | |  1.5
Stealth        | |  2.7

Action                   || total
-------------------------++-------
Melee: Unarmed           ||    10
  Use: Potion            ||     1
Armor: Robe              ||     1
Dodge: Dodged            ||     3

Table legend: (Time is in decaauts)
 A = Elapsed time spent in this place.
 B = Non-inter-level travel time spent in this place.
 C = Inter-level travel time spent in this place.
 D = Time resting spent in this place.
 E = Time spent auto-exploring this place.
 F = Levels seen in this place.
 G = Mean time per level.
                   A        B        C        D        E       F      G
               +--------+--------+--------+--------+--------+-----+--------+
         Total |     41 |     41 |      0 |      0 |     21 |   1 |   41.0 |
       Dungeon |     41 |     41 |      0 |      0 |     21 |   1 |   41.0 |
               +--------+--------+--------+--------+--------+-----+--------+

Top non-repeatable levels by time:
     D:5: 41 daAuts
